Rangers vs Bruins

Created - February 26, 2017 at 10:19

Goals
1 2 3 T
Rangers 1 0 0 1
Bruins 2 1 2 5
Shots
1 2 3 T
Rangers 12 2 4 18
Bruins 9 6 24 39

1st period

1. Bruins , Shea Weber 7 (Carl Soderberg) at 2:32
2. Rangers , Cedric Paquette 4 (Mark Letestu, Justin Falk) at 10:32
3. Bruins , Freddie Hamilton 3 (P.K. Subban, Daniel Winnik) at 19:02

Penalties :
Patrice Bergeron (BOS) for Holding (Minor) at 2:05, Justin Falk (NYR) for Holding (Minor) at 2:05, Greg Pateryn (BOS) for Hooking (Minor) at 4:37

2nd period

4. Bruins , Tomas Plekanec 17 (Shea Weber, Leon Draisaitl) at 6:52 (PP)

Penalties :
Justin Falk (NYR) for Tripping (Minor) at 6:24, Freddie Hamilton (BOS) for Roughing (Minor) at 15:02

3rd period

5. Bruins , Andrew Ladd 19 (P.K. Subban, Tomas Plekanec) at 9:16
6. Bruins , Ryan Spooner 10 (Carl Soderberg, Torey Krug) at 13:45 (PP)

Penalties :
Melker Karlsson (BOS) for Interference (Minor) at 1:17, Jake Muzzin (BOS) for Hooking (Minor) at 1:35, Phillip Danault (NYR) for Elbowing (Minor) at 1:35, Oliver Ekman-Larsson (NYR) for Tripping (Minor) at 3:59, Ondrej Palat (NYR) for Hooking (Minor) at 13:05, P.K. Subban (BOS) for Hooking (Minor) at 15:16, Justin Falk (NYR) for Slashing (Minor) at 17:32

Goalie Stats

Scott Darling (NYR), 34 saves from 39 shots - (0.872), L, 9-15-6, 60:00 minutes
Carey Price (BOS), 17 saves from 18 shots - (0.944), W, 18-20-3, 60:00 minutes

Players Stats for Rangers

Player Name              G  A  P  +/- PIM S  H  SB GA TA FO     MP     PP MP  PK MP  
------------------------------------------------------------------------------------
Alex Goligoski           0  0  0   0  0   0  0  0  0  0  0/0    22:18   2:50   3:32 
Benoit Pouliot           0  0  0   0  0   2  0  1  0  0  0/0    10:26   3:09   1:35 
Brandon Pirri            0  0  0   0  0   0  0  0  0  0  3/5     5:42   0:00   0:00 
Cedric Paquette          1  0  1   0  0   3  1  0  0  0  8/20   16:13   0:00   3:31 
Connor McDavid           0  0  0  -1  0   1  0  1  0  0  9/24   19:08   3:06   0:00 
Conor Sheary             0  0  0  -1  0   1  0  0  0  0  1/2    16:23   0:21   0:00 
Craig Smith              0  0  0  -1  0   1  0  0  0  0  0/2    20:53   3:09   3:31 
David Jones              0  0  0   0  0   0  0  0  0  0  0/0     5:42   0:00   0:00 
Justin Falk              0  1  1  -1  6   0  1  1  0  0  0/0    14:31   0:00   0:47 
Mark Letestu             0  1  1   1  0   0  0  0  0  0  0/0    10:23   0:00   0:00 
Matt Niskanen            0  0  0  -1  0   1  0  2  0  0  0/0    21:43   3:25   2:12 
Michael Del Zotto        0  0  0   0  0   0  1  1  0  0  0/0    23:10   2:50   1:34 
Nick Bonino              0  0  0   0  0   2  0  0  0  0  1/3    14:17   0:00   1:35 
Nick Schultz             0  0  0  -2  0   0  1  3  0  0  0/0    15:11   0:00   0:00 
Oliver Ekman-Larsson     0  0  0   0  2   0  2  4  0  0  0/0    23:03   3:25   2:07 
Ondrej Palat             0  0  0  -1  2   4  2  1  0  0  2/2    16:57   2:45   0:00 
Phillip Danault          0  0  0  -1  2   1  1  0  0  0  9/20   17:21   3:08   0:00 
Richard Panik            0  0  0  -1  0   2  3  0  0  0  1/4    17:29   3:06   0:00 

Players Stats for Bruins

Player Name              G  A  P  +/- PIM S  H  SB GA TA FO     MP     PP MP  PK MP  
------------------------------------------------------------------------------------
Andrew Ladd              1  0  1   0  0   4  3  0  0  0  1/2    14:11   0:00   1:30 
Brendan Gallagher        0  0  0   0  0   1  3  0  0  0  2/2    19:14   2:20   0:00 
Carl Soderberg           0  2  2   1  0   3  0  0  0  0  11/19  16:32   2:46   2:24 
Connor Brown             0  0  0   1  0   0  0  0  0  0  0/0     5:14   0:00   0:00 
Corey Perry              0  0  0   0  0   5  0  0  0  0  0/0    15:27   2:46   0:00 
Daniel Winnik            0  1  1   1  0   0  0  0  0  0  0/0     7:48   0:00   2:34 
Freddie Hamilton         1  0  1   1  2   1  0  0  0  0  2/2     5:13   0:00   0:00 
Greg Pateryn             0  0  0  -1  2   1  9  0  0  0  0/0    17:59   0:00   3:10 
Jake Muzzin              0  0  0   1  2   2  2  2  0  0  0/0    23:56   2:45   3:19 
Leon Draisaitl           0  1  1   1  0   1  1  0  0  0  1/5    21:01   2:20   0:17 
Melker Karlsson          0  0  0   0  2   0  1  0  0  0  0/1    13:55   0:00   3:17 
Noah Hanifin             0  0  0  -1  0   0  0  0  0  0  0/0    16:58   0:00   2:08 
P.K. Subban              0  2  2   2  2   1  2  0  0  0  0/0    18:36   2:21   2:00 
Patrice Bergeron         0  0  0   0  2   6  1  0  0  0  13/24  19:57   0:00   3:04 
Ryan Spooner             1  0  1   0  0   2  0  0  0  0  0/2    13:25   2:46   0:00 
Shea Weber               1  1  2   1  0   5  1  1  0  0  0/0    22:32   2:21   1:30 
Tomas Plekanec           1  1  2   0  0   7  0  0  0  0  18/25  16:06   2:20   1:05 
Torey Krug               0  1  1   2  0   0  0  0  0  0  0/0    19:56   2:45   3:44 

3 Stars

1 - Shea Weber (BOS)
2 - Tomas Plekanec (BOS)
3 - Andrew Ladd (BOS)

Power Play

Rangers - 0 on 4 Attempt(s) - 0.00%
Bruins - 2 on 4 Attempt(s) - 50.00%

Penalty Kill

Rangers - 2 on 4 Attempt(s) - 50.00% - Score 0 goal in Penalty Kill
Bruins - 4 on 4 Attempt(s) - 100.00% - Score 0 goal in Penalty Kill

Team Stat

Rangers - Hits : 12 - Faceoff Wins : 34 - Blocked Shots : 14 - Penalty Minutes : 12
Bruins - Hits : 23 - Faceoff Wins : 48 - Blocked Shots : 3 - Penalty Minutes : 12

Official

Referees : Frederick L'Ecuyer and TJ Luxmore
Linesman : Mark Shewchyk and David Brisebois

Game Notes

No Game Note

Finance

Level 1 -- Attendance: 4849 (74.60%) -- Ticket Income $533,390
Level 2 -- Attendance: 4327 (86.54%) -- Ticket Income $324,525
Level 3 -- Attendance: 2946 (84.17%) -- Ticket Income $164,976
Level 4 -- Attendance: 1565 (100.00%) -- Ticket Income $62,600
Luxury Box -- Attendance: 917 (91.70%) -- Ticket Income $182,483
Game was played at the TD Garden.
Total Attendance: 14604 (83.14%)
Total Ticket Income: $1,267,974
Other Income: $190,196
Total Income: $1,458,170

% Time on Ice - Rangers

Lines # - Real PCT - Wanted PCT - Time Play
Normal Forward
1 - 32% - 34% - 14:23
2 - 32% - 34% - 14:13
3 - 23% - 20% - 10:23
4 - 13% - 12% - 5:42
Normal Defense
1 - 38% - 43% - 17:07
2 - 32% - 33% - 14:17
3 - 29% - 24% - 12:52
4 - 1% - 0% - 0:25
PP Forward
1 - 50% - 50% - 3:06
2 - 50% - 50% - 3:09
PP Defense
1 - 45% - 50% - 2:50
2 - 55% - 50% - 3:25
PK Forward
1 - 69% - 55% - 3:31
2 - 31% - 45% - 1:35
PK Defense
1 - 69% - 60% - 3:32
2 - 31% - 40% - 1:34
PK3 Forward
1 - 0% - 60%
2 - 0% - 40%
PK3 Defense
1 - 0% - 60%
2 - 0% - 40%
44 Forward
1 - 42% - 50% - 1:39
2 - 58% - 50% - 2:19
44 Defense
1 - 42% - 55% - 1:39
2 - 58% - 45% - 2:19
Last Minute Offensive  - 0:00
Last Minute Defensive  - 0:00
Total
Forward - 60:00
Defense - 60:00

% Time on Ice - Bruins

Lines # - Real PCT - Wanted PCT - Time Play
Normal Forward
1 - 38% - 40% - 16:54
2 - 28% - 30% - 12:41
3 - 22% - 20% - 9:52
4 - 12% - 10% - 5:14
Normal Defense
1 - 37% - 40% - 16:31
2 - 28% - 30% - 12:24
3 - 33% - 20% - 14:50
4 - 2% - 10% - 0:56
PP Forward
1 - 46% - 60% - 2:20
2 - 54% - 40% - 2:46
PP Defense
1 - 46% - 60% - 2:21
2 - 54% - 40% - 2:45
PK Forward
1 - 66% - 60% - 4:09
2 - 34% - 40% - 2:06
PK Defense
1 - 65% - 60% - 4:02
2 - 35% - 40% - 2:13
PK3 Forward
1 - 89% - 60% - 1:30
2 - 11% - 40% - 0:11
PK3 Defense
1 - 72% - 60% - 1:13
2 - 28% - 40% - 0:28
44 Forward
1 - 66% - 60% - 1:30
2 - 34% - 40% - 0:47
44 Defense
1 - 54% - 60% - 1:14
2 - 46% - 40% - 1:03
Last Minute Offensive  - 0:00
Last Minute Defensive  - 0:00
Total
Forward - 60:00
Defense - 60:00

Play by Play

1st period


0:01 of 1st period - Conor Sheary wins face-off versus Patrice Bergeron in neutral zone.
0:08 of 1st period - Shea Weber is hit by Richard Panik and loses puck.
0:21 of 1st period - Shot by Richard Panik.
0:21 of 1st period - Shot Misses the Net.
0:35 of 1st period - Shot by Richard Panik.
0:35 of 1st period - Stopped by Carey Price without a rebound.
0:36 of 1st period - Tomas Plekanec wins face-off versus Phillip Danault in Bruins zone.
0:38 of 1st period - Icing by Andrew Ladd.
0:39 of 1st period - Tomas Plekanec wins face-off versus Phillip Danault in Bruins zone.
2:02 of 1st period - Icing by Cedric Paquette.
2:03 of 1st period - Cedric Paquette wins face-off versus Leon Draisaitl in Rangers zone.
2:05 of 1st period - Minor Penalty to Patrice Bergeron for Holding.
2:05 of 1st period - Minor Penalty to Justin Falk for Holding.
2:06 of 1st period - Connor McDavid wins face-off versus Leon Draisaitl in Rangers zone.
2:06 of 1st period - Connor McDavid is hit by Leon Draisaitl.
2:22 of 1st period - Shot by Connor McDavid.
2:22 of 1st period - Stopped by Carey Price without a rebound.
2:23 of 1st period - Cedric Paquette wins face-off versus Leon Draisaitl in Bruins zone.
2:30 of 1st period - Shot by Shea Weber.
2:30 of 1st period - Stopped by Scott Darling with a rebound.
2:32 of 1st period - Shot by Shea Weber.
2:32 of 1st period - Goal by Shea Weber - Rangers : 0 - Bruins : 1.
2:33 of 1st period - Cedric Paquette wins face-off versus Ryan Spooner in neutral zone.
4:11 of 1st period - Benoit Pouliot is hit by Greg Pateryn and loses puck.
4:37 of 1st period - Minor Penalty to Greg Pateryn for Hooking.
4:38 of 1st period - Patrice Bergeron wins face-off versus Connor McDavid in Bruins zone.
4:55 of 1st period - Icing by Alex Goligoski.
4:56 of 1st period - Ondrej Palat wins face-off versus Patrice Bergeron in Rangers zone.
6:07 of 1st period - Shot by Benoit Pouliot.
6:07 of 1st period - Stopped by Carey Price without a rebound.
6:08 of 1st period - Phillip Danault wins face-off versus Patrice Bergeron in Bruins zone.
6:52 of 1st period - Shot by Tomas Plekanec.
6:52 of 1st period - Shot Blocked by Nick Schultz.
6:54 of 1st period - Shot by Andrew Ladd.
6:54 of 1st period - Shot Misses the Net.
7:59 of 1st period - Icing by Matt Niskanen.
8:00 of 1st period - Richard Panik wins face-off versus Patrice Bergeron in Rangers zone.
8:11 of 1st period - Icing by Patrice Bergeron.
8:12 of 1st period - Patrice Bergeron wins face-off versus Phillip Danault in Bruins zone.
8:18 of 1st period - Patrice Bergeron is hit by Michael Del Zotto and loses puck.
9:52 of 1st period - Shot by Connor McDavid.
9:52 of 1st period - Shot Misses the Net.
10:10 of 1st period - Shot by Benoit Pouliot.
10:10 of 1st period - Stopped by Carey Price without a rebound.
10:11 of 1st period - Tomas Plekanec wins face-off versus Cedric Paquette in Bruins zone.
10:30 of 1st period - Shot by Mark Letestu.
10:30 of 1st period - Deflect By Cedric Paquette.
10:30 of 1st period - Stopped by Carey Price with a rebound.
10:32 of 1st period - Shot by Cedric Paquette.
10:32 of 1st period - Goal by Cedric Paquette - Rangers : 1 - Bruins : 1.
10:33 of 1st period - Brendan Gallagher wins face-off versus Brandon Pirri in neutral zone.
10:36 of 1st period - Michael Del Zotto is hit by Brendan Gallagher and loses puck.
11:08 of 1st period - Shot by Patrice Bergeron.
11:08 of 1st period - Deflect By Brendan Gallagher.
11:08 of 1st period - Stopped by Scott Darling without a rebound.
11:09 of 1st period - Connor McDavid wins face-off versus Tomas Plekanec in Rangers zone.
11:09 of 1st period - Alex Goligoski is hit by Andrew Ladd and loses puck.
11:17 of 1st period - Alex Goligoski is hit by Greg Pateryn and loses puck.
11:49 of 1st period - Shot by Richard Panik.
11:49 of 1st period - Stopped by Carey Price with a rebound.
12:35 of 1st period - Shot by Leon Draisaitl.
12:35 of 1st period - Shot Misses the Net.
13:01 of 1st period - Shot by Cedric Paquette.
13:01 of 1st period - Stopped by Carey Price with a rebound.
13:39 of 1st period - Off-side.
13:40 of 1st period - Carl Soderberg wins face-off versus Connor McDavid in neutral zone.
14:29 of 1st period - Icing by P.K. Subban.
14:30 of 1st period - Phillip Danault wins face-off versus Carl Soderberg in Bruins zone.
14:51 of 1st period - Icing by Michael Del Zotto.
14:52 of 1st period - Ondrej Palat wins face-off versus Tomas Plekanec in Rangers zone.
14:52 of 1st period - Ondrej Palat is hit by Andrew Ladd.
15:03 of 1st period - Shot by Ondrej Palat.
15:03 of 1st period - Shot Misses the Net.
15:15 of 1st period - Shot by Ondrej Palat.
15:15 of 1st period - Stopped by Carey Price with a rebound.
15:31 of 1st period - Shot by Corey Perry.
15:31 of 1st period - Stopped by Scott Darling with a rebound.
15:33 of 1st period - Shot by Corey Perry.
15:33 of 1st period - Stopped by Scott Darling without a rebound.
15:34 of 1st period - Connor McDavid wins face-off versus Patrice Bergeron in Rangers zone.
15:34 of 1st period - Connor McDavid is hit by Brendan Gallagher.
16:03 of 1st period - Shot by Patrice Bergeron.
16:03 of 1st period - Stopped by Scott Darling with a rebound.
16:29 of 1st period - Connor McDavid is hit by P.K. Subban and loses puck.
16:44 of 1st period - Shot by Carl Soderberg.
16:44 of 1st period - Stopped by Scott Darling without a rebound.
16:45 of 1st period - Brandon Pirri wins face-off versus Tomas Plekanec in Rangers zone.
16:45 of 1st period - Brandon Pirri is hit by Andrew Ladd.
17:28 of 1st period - Shot by Brandon Pirri.
17:28 of 1st period - Shot Misses the Net.
17:54 of 1st period - Shot by Ondrej Palat.
17:54 of 1st period - Stopped by Carey Price without a rebound.
17:55 of 1st period - Patrice Bergeron wins face-off versus Cedric Paquette in Bruins zone.
18:26 of 1st period - Cedric Paquette is hit by Jake Muzzin.
18:58 of 1st period - Shot by Daniel Winnik.
18:58 of 1st period - Shot Blocked by Justin Falk.
19:00 of 1st period - Shot by P.K. Subban.
19:00 of 1st period - Stopped by Scott Darling with a rebound.
19:02 of 1st period - Shot by Freddie Hamilton.
19:02 of 1st period - Goal by Freddie Hamilton - Rangers : 1 - Bruins : 2.
19:03 of 1st period - Carl Soderberg wins face-off versus Richard Panik in neutral zone.
19:23 of 1st period - Connor McDavid is hit by P.K. Subban and loses puck.
19:28 of 1st period - Shot by Conor Sheary.
19:28 of 1st period - Stopped by Carey Price without a rebound.
19:29 of 1st period - Tomas Plekanec wins face-off versus Craig Smith in Bruins zone.
19:55 of 1st period - Shot by Ondrej Palat.
19:55 of 1st period - Stopped by Carey Price without a rebound.
19:56 of 1st period - Patrice Bergeron wins face-off versus Richard Panik in Bruins zone.
19:56 of 1st period - Patrice Bergeron is hit by Richard Panik.
Goals for this period are 1 for Rangers vs 2 for Bruins.
Shots for this period are 12 for Rangers vs 9 for Bruins.

2nd period


0:01 of 2nd period - Patrice Bergeron wins face-off versus Phillip Danault in neutral zone.
0:01 of 2nd period - Patrice Bergeron is hit by Phillip Danault.
0:08 of 2nd period - Icing by Oliver Ekman-Larsson.
0:09 of 2nd period - Patrice Bergeron wins face-off versus Phillip Danault in Rangers zone.
0:15 of 2nd period - Icing by Michael Del Zotto.
0:16 of 2nd period - Phillip Danault wins face-off versus Patrice Bergeron in Rangers zone.
0:49 of 2nd period - Shot by Oliver Ekman-Larsson.
0:49 of 2nd period - Deflect By Craig Smith.
0:49 of 2nd period - Shot Blocked by Jake Muzzin.
1:18 of 2nd period - Off-side.
1:19 of 2nd period - Tomas Plekanec wins face-off versus Cedric Paquette in neutral zone.
1:47 of 2nd period - Icing by Justin Falk.
1:48 of 2nd period - Freddie Hamilton wins face-off versus Cedric Paquette in Rangers zone.
1:55 of 2nd period - Shot by Nick Bonino.
1:55 of 2nd period - Shot Misses the Net.
2:55 of 2nd period - Shot by Carl Soderberg.
2:55 of 2nd period - Stopped by Scott Darling with a rebound.
3:03 of 2nd period - Shot by Carl Soderberg.
3:03 of 2nd period - Shot Blocked by Michael Del Zotto.
3:13 of 2nd period - Icing by Melker Karlsson.
3:14 of 2nd period - Carl Soderberg wins face-off versus Phillip Danault in Bruins zone.
3:55 of 2nd period - Shot by Ondrej Palat.
3:55 of 2nd period - Stopped by Carey Price without a rebound.
3:56 of 2nd period - Brandon Pirri wins face-off versus Tomas Plekanec in Bruins zone.
3:56 of 2nd period - Brandon Pirri is hit by Greg Pateryn.
4:03 of 2nd period - Icing by Noah Hanifin.
4:04 of 2nd period - Tomas Plekanec wins face-off versus Richard Panik in Bruins zone.
4:08 of 2nd period - Icing by Andrew Ladd.
4:09 of 2nd period - Tomas Plekanec wins face-off versus Connor McDavid in Bruins zone.
4:09 of 2nd period - Tomas Plekanec is hit by Richard Panik.
4:14 of 2nd period - Icing by Andrew Ladd.
4:15 of 2nd period - Tomas Plekanec wins face-off versus Connor McDavid in Bruins zone.
4:48 of 2nd period - Richard Panik is hit by Greg Pateryn and loses puck.
5:11 of 2nd period - Icing by Greg Pateryn.
5:12 of 2nd period - Tomas Plekanec wins face-off versus Phillip Danault in Bruins zone.
5:14 of 2nd period - Icing by Andrew Ladd.
5:15 of 2nd period - Tomas Plekanec wins face-off versus Phillip Danault in Bruins zone.
5:38 of 2nd period - Shot by Leon Draisaitl.
5:38 of 2nd period - Shot Blocked by Matt Niskanen.
5:40 of 2nd period - Shot by Jake Muzzin.
5:40 of 2nd period - Stopped by Scott Darling without a rebound.
5:41 of 2nd period - Brandon Pirri wins face-off versus Carl Soderberg in Rangers zone.
6:24 of 2nd period - Minor Penalty to Justin Falk for Tripping.
6:25 of 2nd period - Cedric Paquette wins face-off versus Tomas Plekanec in Rangers zone.
6:52 of 2nd period - Shot by Tomas Plekanec.
6:52 of 2nd period - Goal by Tomas Plekanec - Rangers : 1 - Bruins : 3.
6:53 of 2nd period - Freddie Hamilton wins face-off versus Connor McDavid in neutral zone.
7:41 of 2nd period - Icing by Connor McDavid.
7:42 of 2nd period - Patrice Bergeron wins face-off versus Connor McDavid in Rangers zone.
7:46 of 2nd period - Icing by Oliver Ekman-Larsson.
7:47 of 2nd period - Patrice Bergeron wins face-off versus Connor McDavid in Rangers zone.
7:51 of 2nd period - Icing by Connor McDavid.
7:52 of 2nd period - Brendan Gallagher wins face-off versus Connor McDavid in Rangers zone.
8:36 of 2nd period - Shot by Craig Smith.
8:36 of 2nd period - Stopped by Carey Price without a rebound.
8:37 of 2nd period - Tomas Plekanec wins face-off versus Cedric Paquette in Bruins zone.
8:52 of 2nd period - Shot by Tomas Plekanec.
8:52 of 2nd period - Stopped by Scott Darling without a rebound.
8:53 of 2nd period - Phillip Danault wins face-off versus Carl Soderberg in Rangers zone.
9:10 of 2nd period - Shot by Ryan Spooner.
9:10 of 2nd period - Stopped by Scott Darling with a rebound.
9:32 of 2nd period - Shot by Craig Smith.
9:32 of 2nd period - Shot Misses the Net.
9:35 of 2nd period - Phillip Danault is hit by Greg Pateryn and loses puck.
11:53 of 2nd period - Shot by Brandon Pirri.
11:53 of 2nd period - Shot Misses the Net.
13:08 of 2nd period - Shot by Corey Perry.
13:08 of 2nd period - Shot Misses the Net.
13:58 of 2nd period - Shot by Connor Brown.
13:58 of 2nd period - Shot Blocked by Connor McDavid.
14:09 of 2nd period - Off-side.
14:10 of 2nd period - Carl Soderberg wins face-off versus Phillip Danault in neutral zone.
15:02 of 2nd period - Minor Penalty to Freddie Hamilton for Roughing.
15:03 of 2nd period - Connor McDavid wins face-off versus Carl Soderberg in Bruins zone.
18:19 of 2nd period - Shot by Ryan Spooner.
18:19 of 2nd period - Deflect By Carl Soderberg.
18:19 of 2nd period - Shot Misses the Net.
18:21 of 2nd period - Shot by Greg Pateryn.
18:21 of 2nd period - Stopped by Scott Darling without a rebound.
18:22 of 2nd period - Patrice Bergeron wins face-off versus Connor McDavid in Rangers zone.
18:22 of 2nd period - Patrice Bergeron is hit by Oliver Ekman-Larsson.
18:29 of 2nd period - Leon Draisaitl is hit by Oliver Ekman-Larsson.
18:58 of 2nd period - Oliver Ekman-Larsson is hit by Greg Pateryn and loses puck.
19:29 of 2nd period - Alex Goligoski is hit by Shea Weber and loses puck.
19:33 of 2nd period - Icing by Jake Muzzin.
19:34 of 2nd period - Carl Soderberg wins face-off versus Phillip Danault in Bruins zone.
19:47 of 2nd period - Melker Karlsson is hit by Ondrej Palat and loses puck.
Goals for this period are 0 for Rangers vs 1 for Bruins.
Shots for this period are 2 for Rangers vs 6 for Bruins.

3rd period


0:01 of 3rd period - Connor McDavid wins face-off versus Patrice Bergeron in neutral zone.
0:18 of 3rd period - Shot by Patrice Bergeron.
0:18 of 3rd period - Stopped by Scott Darling without a rebound.
0:19 of 3rd period - Tomas Plekanec wins face-off versus Phillip Danault in Rangers zone.
0:36 of 3rd period - Shot by Tomas Plekanec.
0:36 of 3rd period - Stopped by Scott Darling with a rebound.
0:38 of 3rd period - Shot by Andrew Ladd.
0:38 of 3rd period - Stopped by Scott Darling with a rebound.
0:48 of 3rd period - Shot by Tomas Plekanec.
0:48 of 3rd period - Shot Misses the Net.
0:50 of 3rd period - Shot by Andrew Ladd.
0:50 of 3rd period - Shot Misses the Net.
0:52 of 3rd period - Shot by Tomas Plekanec.
0:52 of 3rd period - Stopped by Scott Darling with a rebound.
0:54 of 3rd period - Shot by Tomas Plekanec.
0:54 of 3rd period - Stopped by Scott Darling without a rebound.
0:55 of 3rd period - Connor McDavid wins face-off versus Patrice Bergeron in Rangers zone.
0:55 of 3rd period - Connor McDavid is hit by Patrice Bergeron.
1:06 of 3rd period - Icing by Michael Del Zotto.
1:07 of 3rd period - Carl Soderberg wins face-off versus Connor McDavid in Rangers zone.
1:14 of 3rd period - Shot by Ryan Spooner.
1:14 of 3rd period - Shot Misses the Net.
1:17 of 3rd period - Minor Penalty to Melker Karlsson for Interference.
1:18 of 3rd period - Phillip Danault wins face-off versus Patrice Bergeron in Bruins zone.
1:21 of 3rd period - Shot by Benoit Pouliot.
1:21 of 3rd period - Shot Blocked by Jake Muzzin.
1:35 of 3rd period - Shot by Phillip Danault.
1:35 of 3rd period - Stopped by Carey Price without a rebound.
1:35 of 3rd period - Minor Penalty to Jake Muzzin for Hooking.
1:35 of 3rd period - Minor Penalty to Phillip Danault for Elbowing.
1:36 of 3rd period - Connor McDavid wins face-off versus Andrew Ladd in Bruins zone.
2:17 of 3rd period - Shot by Connor McDavid.
2:17 of 3rd period - Shot Misses the Net.
2:19 of 3rd period - Shot by Michael Del Zotto.
2:19 of 3rd period - Shot Misses the Net.
2:33 of 3rd period - Daniel Winnik is hit by Cedric Paquette and loses puck.
2:38 of 3rd period - Shot by Nick Bonino.
2:38 of 3rd period - Stopped by Carey Price without a rebound.
2:39 of 3rd period - Andrew Ladd wins face-off versus Cedric Paquette in Bruins zone.
2:58 of 3rd period - Shot by Nick Bonino.
2:58 of 3rd period - Shot Misses the Net.
3:04 of 3rd period - Shot by Nick Bonino.
3:04 of 3rd period - Stopped by Carey Price with a rebound.
3:06 of 3rd period - Shot by Nick Schultz.
3:06 of 3rd period - Shot Misses the Net.
3:08 of 3rd period - Shot by Cedric Paquette.
3:08 of 3rd period - Shot Blocked by Shea Weber.
3:10 of 3rd period - Shot by Nick Schultz.
3:10 of 3rd period - Shot Misses the Net.
3:12 of 3rd period - Shot by Nick Bonino.
3:12 of 3rd period - Shot Misses the Net.
3:44 of 3rd period - Shot by Daniel Winnik.
3:44 of 3rd period - Shot Blocked by Oliver Ekman-Larsson.
3:59 of 3rd period - Minor Penalty to Oliver Ekman-Larsson for Tripping.
4:00 of 3rd period - Tomas Plekanec wins face-off versus Craig Smith in Rangers zone.
4:40 of 3rd period - Icing by Leon Draisaitl.
4:41 of 3rd period - Tomas Plekanec wins face-off versus Nick Bonino in Bruins zone.
5:18 of 3rd period - Shot by P.K. Subban.
5:18 of 3rd period - Shot Misses the Net.
5:20 of 3rd period - Shot by Shea Weber.
5:20 of 3rd period - Stopped by Scott Darling with a rebound.
5:22 of 3rd period - Shot by Carl Soderberg.
5:22 of 3rd period - Shot Misses the Net.
5:24 of 3rd period - Shot by Shea Weber.
5:24 of 3rd period - Stopped by Scott Darling without a rebound.
5:25 of 3rd period - Carl Soderberg wins face-off versus Cedric Paquette in Rangers zone.
5:34 of 3rd period - Shot by Carl Soderberg.
5:34 of 3rd period - Deflect By Corey Perry.
5:34 of 3rd period - Stopped by Scott Darling with a rebound.
5:50 of 3rd period - Shot by Corey Perry.
5:50 of 3rd period - Shot Misses the Net.
7:55 of 3rd period - Icing by Phillip Danault.
7:56 of 3rd period - Phillip Danault wins face-off versus Carl Soderberg in Rangers zone.
8:01 of 3rd period - Shot by Ondrej Palat.
8:01 of 3rd period - Shot Misses the Net.
8:09 of 3rd period - Carl Soderberg is hit by Ondrej Palat and loses puck.
8:16 of 3rd period - Shot by Carl Soderberg.
8:16 of 3rd period - Shot Blocked by Ondrej Palat.
8:18 of 3rd period - Shot by Melker Karlsson.
8:18 of 3rd period - Shot Misses the Net.
8:54 of 3rd period - Icing by Oliver Ekman-Larsson.
8:55 of 3rd period - Patrice Bergeron wins face-off versus Cedric Paquette in Rangers zone.
9:04 of 3rd period - Shot by Patrice Bergeron.
9:04 of 3rd period - Stopped by Scott Darling with a rebound.
9:08 of 3rd period - Shot by Patrice Bergeron.
9:08 of 3rd period - Stopped by Scott Darling without a rebound.
9:09 of 3rd period - Tomas Plekanec wins face-off versus Conor Sheary in Rangers zone.
9:09 of 3rd period - P.K. Subban is hit by Nick Schultz and loses puck.
9:14 of 3rd period - Shot by Andrew Ladd.
9:14 of 3rd period - Shot Blocked by Nick Schultz.
9:16 of 3rd period - Shot by Andrew Ladd.
9:16 of 3rd period - Goal by Andrew Ladd - Rangers : 1 - Bruins : 4.
9:17 of 3rd period - Patrice Bergeron wins face-off versus Connor McDavid in neutral zone.
9:46 of 3rd period - Shot by Matt Niskanen.
9:46 of 3rd period - Stopped by Carey Price without a rebound.
9:47 of 3rd period - Phillip Danault wins face-off versus Tomas Plekanec in Bruins zone.
10:08 of 3rd period - Shot by Andrew Ladd.
10:08 of 3rd period - Stopped by Scott Darling with a rebound.
10:14 of 3rd period - Shot by Tomas Plekanec.
10:14 of 3rd period - Stopped by Scott Darling without a rebound.
10:15 of 3rd period - Cedric Paquette wins face-off versus Patrice Bergeron in Rangers zone.
10:23 of 3rd period - Icing by Matt Niskanen.
10:24 of 3rd period - Patrice Bergeron wins face-off versus Cedric Paquette in Rangers zone.
11:25 of 3rd period - Shot by Corey Perry.
11:25 of 3rd period - Shot Misses the Net.
11:27 of 3rd period - Shot by Corey Perry.
11:27 of 3rd period - Stopped by Scott Darling without a rebound.
11:28 of 3rd period - Connor McDavid wins face-off versus Carl Soderberg in Rangers zone.
11:51 of 3rd period - Icing by Connor McDavid.
11:52 of 3rd period - Tomas Plekanec wins face-off versus Connor McDavid in Rangers zone.
11:55 of 3rd period - Shot by Corey Perry.
11:55 of 3rd period - Shot Misses the Net.
12:05 of 3rd period - Richard Panik is hit by Greg Pateryn and loses puck.
12:17 of 3rd period - Connor McDavid is hit by Greg Pateryn and loses puck.
12:21 of 3rd period - Connor McDavid is hit by Greg Pateryn and loses puck.
12:53 of 3rd period - Icing by Ondrej Palat.
12:54 of 3rd period - Phillip Danault wins face-off versus Carl Soderberg in Rangers zone.
13:05 of 3rd period - Minor Penalty to Ondrej Palat for Hooking.
13:06 of 3rd period - Cedric Paquette wins face-off versus Tomas Plekanec in Rangers zone.
13:24 of 3rd period - Shot by Shea Weber.
13:24 of 3rd period - Stopped by Scott Darling without a rebound.
13:25 of 3rd period - Cedric Paquette wins face-off versus Ryan Spooner in Rangers zone.
13:45 of 3rd period - Shot by Ryan Spooner.
13:45 of 3rd period - Goal by Ryan Spooner - Rangers : 1 - Bruins : 5.
13:46 of 3rd period - Patrice Bergeron wins face-off versus Connor McDavid in neutral zone.
13:57 of 3rd period - Shot by Patrice Bergeron.
13:57 of 3rd period - Stopped by Scott Darling with a rebound.
13:59 of 3rd period - Shot by Patrice Bergeron.
13:59 of 3rd period - Shot Misses the Net.
14:01 of 3rd period - Shot by Patrice Bergeron.
14:01 of 3rd period - Stopped by Scott Darling without a rebound.
14:02 of 3rd period - Tomas Plekanec wins face-off versus Brandon Pirri in Rangers zone.
14:07 of 3rd period - Shot by Corey Perry.
14:07 of 3rd period - Shot Misses the Net.
14:11 of 3rd period - Shot by Tomas Plekanec.
14:11 of 3rd period - Shot Blocked by Oliver Ekman-Larsson.
14:21 of 3rd period - Shot by Tomas Plekanec.
14:21 of 3rd period - Deflect By Andrew Ladd.
14:21 of 3rd period - Shot Misses the Net.
14:23 of 3rd period - Shot by Shea Weber.
14:23 of 3rd period - Shot Misses the Net.
14:29 of 3rd period - Shot by Corey Perry.
14:29 of 3rd period - Stopped by Scott Darling with a rebound.
14:31 of 3rd period - Shot by Jake Muzzin.
14:31 of 3rd period - Shot Blocked by Benoit Pouliot.
14:33 of 3rd period - Shot by Jake Muzzin.
14:33 of 3rd period - Stopped by Scott Darling with a rebound.
14:37 of 3rd period - Shot by Andrew Ladd.
14:37 of 3rd period - Stopped by Scott Darling without a rebound.
14:38 of 3rd period - Phillip Danault wins face-off versus Patrice Bergeron in Rangers zone.
15:16 of 3rd period - Minor Penalty to P.K. Subban for Hooking.
15:17 of 3rd period - Connor McDavid wins face-off versus Melker Karlsson in Bruins zone.
15:23 of 3rd period - Ondrej Palat is hit by Jake Muzzin and loses puck.
16:01 of 3rd period - Craig Smith is hit by Melker Karlsson and loses puck.
17:05 of 3rd period - Icing by Matt Niskanen.
17:06 of 3rd period - Carl Soderberg wins face-off versus Connor McDavid in Rangers zone.
17:12 of 3rd period - Icing by Matt Niskanen.
17:13 of 3rd period - Carl Soderberg wins face-off versus Connor McDavid in Rangers zone.
17:26 of 3rd period - Shot by Andrew Ladd.
17:26 of 3rd period - Shot Blocked by Nick Schultz.
17:31 of 3rd period - Corey Perry is hit by Justin Falk and loses puck.
17:32 of 3rd period - Minor Penalty to Justin Falk for Slashing.
17:33 of 3rd period - Tomas Plekanec wins face-off versus Cedric Paquette in Rangers zone.
17:36 of 3rd period - Shot by Brendan Gallagher.
17:36 of 3rd period - Shot Misses the Net.
17:38 of 3rd period - Shot by Tomas Plekanec.
17:38 of 3rd period - Stopped by Scott Darling without a rebound.
17:39 of 3rd period - Cedric Paquette wins face-off versus Leon Draisaitl in Rangers zone.
17:39 of 3rd period - Cedric Paquette is hit by Brendan Gallagher.
17:48 of 3rd period - Icing by Brendan Gallagher.
17:49 of 3rd period - Leon Draisaitl wins face-off versus Cedric Paquette in Bruins zone.
17:58 of 3rd period - Shot by Shea Weber.
17:58 of 3rd period - Shot Misses the Net.
18:00 of 3rd period - Shot by P.K. Subban.
18:00 of 3rd period - Shot Blocked by Oliver Ekman-Larsson.
18:02 of 3rd period - Shot by Brendan Gallagher.
18:02 of 3rd period - Shot Blocked by Oliver Ekman-Larsson.
18:04 of 3rd period - Shot by P.K. Subban.
18:04 of 3rd period - Shot Misses the Net.
18:06 of 3rd period - Shot by Leon Draisaitl.
18:06 of 3rd period - Stopped by Scott Darling without a rebound.
18:07 of 3rd period - Carl Soderberg wins face-off versus Cedric Paquette in Rangers zone.
18:18 of 3rd period - Shot by Carl Soderberg.
18:18 of 3rd period - Stopped by Scott Darling with a rebound.
18:20 of 3rd period - Shot by Ryan Spooner.
18:20 of 3rd period - Shot Blocked by Matt Niskanen.
18:43 of 3rd period - Icing by Jake Muzzin.
18:44 of 3rd period - Carl Soderberg wins face-off versus Nick Bonino in Bruins zone.
19:26 of 3rd period - Icing by Carl Soderberg.
19:27 of 3rd period - Nick Bonino wins face-off versus Carl Soderberg in Bruins zone.
Goals for this period are 0 for Rangers vs 2 for Bruins.
Shots for this period are 4 for Rangers vs 24 for Bruins.